 Dungeon Crawl Stone Soup version 0.23-a0-860-g8ff03fb (webtiles) character file.

16 Amnesiac the Cutter (level 2, -1/28 HPs)
             Began as a Tengu Fighter on Jan 28, 2019.
             Slain by a frilled lizard (2 damage)
             ... on level 2 of the Dungeon.
             The game lasted 00:00:40 (349 turns).

Amnesiac the Cutter (Tengu Fighter)                  Turns: 349, Time: 00:00:41

Health: -1/28      AC: 21    Str: 21    XL:     2   Next: 58%
Magic:  3/3        EV:  2    Int:  8    God:
Gold:   32         SH:  9    Dex: 13    Spells: 1/1 levels left

rFire    . . .     SeeInvis .   a - +0 rapier
rCold    . . .     Gourm    .   c - +0 shield
rNeg     + + +     Faith    .   (armour currently unavailable)
rPois    +         Spirit   .   (helmet currently unavailable)
rElec    .         Reflect  .   (cloak currently unavailable)
rCorr    .         Harm     .   (gloves currently unavailable)
MR       .....     NoTele   +   (boots unavailable)
Stlth    +.........             (no amulet)
HPRegen  0.09/turn              (no ring)
MPRegen  0.08/turn              (no ring)

@: mighty, lethally poisoned (-1 -> -3), tree-form, slowed, very slow
A: no striking features
a: no special abilities


You were on level 2 of the Dungeon.
You were not hungry.
You were a tree.
You visited 1 branch of the dungeon, and saw 2 of its levels.

You collected 32 gold pieces.

Inventory:

Hand Weapons
 a - a +0 rapier (weapon)
Armour
 b - a +0 scale mail (melded)
 c - a +0 shield (worn)
Scrolls
 h - a scroll of magic mapping {!r, unknown}
Potions
 i - a potion of resistance {!q}
Comestibles
 f - a ration
 g - 10 chunks of flesh


   Skills:
 + Level 3.0 Fighting
 - Level 3.4 Short Blades
 - Level 3.2 Armour
 - Level 3.0 Shields


You had one spell level left.
You didn't know any spells.
Your spell library was empty.

Dungeon Overview and Level Annotations

Branches:
Dungeon (2/15)

Altars:

Annotations:
D:2 Natasha


Innate Abilities, Weirdness & Mutations

((You have a beak for a mouth.))
((You have claws for feet.))


Message History

Some of the chunks of flesh in your inventory have rotted away.
You see here a hobgoblin skeleton.
Items here: ( ) †† 5 stones; a +0 short sword; a kobold corpse x2
A rat comes into view.
Found an escape hatch in the floor.
You closely miss the rat. You block the rat's attack.
Your shield and scale mail prevent you from hitting the rat.
You claw the rat, but do no damage. You block the rat's attack.
You barely miss the rat. The rat bites you but does no damage.
You puncture the rat!
You kill the rat!
Found 20 sling bullets.
You now have 32 gold pieces (gained 5).
There is an escape hatch in the floor here.
You slide downwards.
The hatch slams shut behind you.
A frilled lizard and an adder come into view.
The frilled lizard hisses angrily.
The adder hisses angrily.
Found five items.
You barely miss the adder. You block the adder's attack.
You hit the adder.
The adder is moderately wounded.
You block the adder's attack. The adder bites you.
You are poisoned.
The adder poisons you!
You feel sick. The adder bites you.
The frilled lizard bites you but does no damage.
The adder bites you but does no damage.
Natasha, Servant of Life and Death comes into view.
You feel sick.
Natasha hisses angrily.
Natasha stares at you and mumbles some strange words.
You feel yourself slow down. You block the frilled lizard's attack.
Natasha drinks a potion.
Natasha suddenly seems more resistant.
The adder barely misses you.
You feel sick.
Natasha stares at you and mumbles some strange words.
The magic dart hits you. The frilled lizard bites you.
* * * LOW HITPOINT WARNING * * *
Natasha extends her claws.
You block Natasha's attack.
The frilled lizard bites you but does no damage.
Natasha mumbles some strange words.
Natasha glows brightly for a moment.
Natasha claws you.
* * * LOW HITPOINT WARNING * * *
Really quaff
e - a fizzy blue potion {!q}?
It was a potion of lignification {!q}.
You turn into a tree.
Your roots penetrate the ground.
* * * LOW HITPOINT WARNING * * *
You feel sick. Natasha claws you but does no damage.
You block the frilled lizard's attack. Natasha casts a spell at you.
You resist with significant effort.
The frilled lizard bites you but does no damage.
Really quaff
d - a potion of might {!q}?
You feel very mighty all of a sudden. You block Natasha's attack.
The frilled lizard bites you but does no damage.
You hit Natasha.
Natasha is heavily wounded.
Natasha claws you but does no damage. The frilled lizard bites you.
You die...

####.
##.....
##...# ##♣.#
#lh##
########S###
#.......$..#
#.(......!.#
#......(...#
#...(.....(#
#.?........#
############


You could see Natasha, an adder and a frilled lizard.

Vanquished Creatures
  A leopard gecko (D:1)
  A bat (D:1)
  6 hobgoblins (D:1)
  4 kobolds (D:1)
  A rat (D:1)
13 creatures vanquished.

Notes
Turn   | Place    | Note
-------+----------+-------------------------------------------
     0 | D:1      | Amnesiac the Tengu Fighter began the quest for the Orb.
     0 | D:1      | Reached XP level 1. HP: 14/14 MP: 2/2
   184 | D:1      | Reached XP level 2. HP: 19/19 MP: 3/3
   342 | D:2      | Noticed Natasha
   347 | D:2      | HP: 1/28 [poisoned by an adder]
   349 | D:2      | Slain by a frilled lizard

Vault maps used:
D:1:      erik_arrival_triangle_large, minmay_pentomino_v2
D:2:      uniq_crazy_yiuf_cottage, uniq_natasha

Skill      XL: |  1 |
---------------+----+-----
Short Blades   | 3 |  3.4
Fighting       | |  3.0
Armour         | |  3.2
Shields        | |  3.0

Action                   || total
-------------------------++-------
Melee: Rapier            ||    35
       Kick              ||     5
       Peck              ||     3
  Use: Potion            ||     2
Armor: Scale mail        ||    17
       Skin              ||     4
Dodge: Dodged            ||     7
Block: Shield            ||    27

Table legend:
 A = Non-vault XP
 B = Vault XP
 C = Vault XP percentage of total XP
 D = Non-vault monster count
 E = Vault monster count
 F = Vault count percentage of total count
                 A         B        C        D         E       F
            +---------+---------+-------+---------+---------+-------
      Total |      20 |       4 |  16.7 |      11 |       2 |  15.4
            +---------+---------+-------+---------+---------+-------
        D:1 |      20 |       4 |  16.7 |      11 |       2 |  15.4
            +---------+---------+-------+---------+---------+-------
